 Dungeon Crawl Stone Soup version 0.30.0-17-ge0270778cf (webtiles) character file.

Game seed: 17342107362865772835

277 nemohh the Cleaver (level 6, 0/51 HPs)
             Began as a Hill Orc Fighter on May 22, 2023.
             Was a Follower of Elyvilon.
             Slain by an iguana (14 damage)
             ... on level 4 of the Dungeon.
             The game lasted 00:07:44 (2800 turns).

nemohh the Cleaver (Hill Orc Fighter)               Turns: 2800, Time: 00:07:45

Health: 0/51       AC: -1    Str: 21    XL:     6   Next: 26%
Magic:  6/6        EV:  9    Int:  8    God:    Elyvilon [*.....]
Gold:   209        SH:  5    Dex: 16    Spells: 5/5 levels left

rFire   . . .        a - +1 war axe
rCold   . . .        c - +0 buckler
rNeg    . . .        b - +0 scale mail
rPois   .            (no helmet)
rElec   .            (no cloak)
rCorr   .            (no gloves)
SInv    .            (no boots)
Will    .....        (no amulet) Stlth
                     t - +6 ring of dexterity
HPRegen 0.28/turn    (no ring)
MPRegen 0.10/turn

%: no passive effects
@: corroded, hasted, very quick
A: no striking features
a: Renounce Religion, Purification


You were on level 4 of the Dungeon.
You worshipped Elyvilon.
Elyvilon was aware of your devotion.
You visited 1 branch of the dungeon, and saw 4 of its levels.

You collected 209 gold pieces.

Inventory:

Hand Weapons
 a - a +1 war axe (weapon)
Missiles
 i - a throwing net (quivered)
 j - 2 javelins
Armour
 b - a +0 scale mail (worn)
 c - a +0 buckler (worn)
Jewellery
 r - a ring of fire
 t - a +6 ring of dexterity (left hand)
Scrolls
 d - a scroll of vulnerability {unknown}
 f - a scroll of magic mapping {unknown}
 h - 3 scrolls of identify {unknown}
 k - a scroll of fog {unknown}
 l - 3 scrolls of enchant weapon
 o - a scroll of amnesia {unknown}
 p - 2 scrolls of blinking {unknown}
Potions
 e - 2 potions of attraction {unknown}
 g - a potion of haste
 m - 2 potions of curing {unknown}
 n - a potion of magic {unknown}
 q - a potion of degeneration {unknown}
 s - a potion of brilliance {unknown}
 u - 2 potions of heal wounds {unknown}


   Skills:
 - Level 3.6 Fighting
 * Level 8.5 Axes
 - Level 3.2 Armour
 - Level 3.2 Shields


You had 5 spell levels left.
You didn't know any spells.
Your spell library was empty.

Dungeon Overview and Level Annotations

Branches:
Dungeon (4/15)
 Temple: D:4-7

Altars:
Elyvilon
Ru

Annotations:
D:4 Pikel


Message History

Okay, then.
There is a broken door here.
Things that are here:
a +2 dagger of venom; an orc corpse
v - a +2 dagger of venom
Items here: ( ) [ †.
Okay, then.
You feel agile.
t - a +6 ring of dexterity (left hand)
You drop a ring of fire.
You drop a +2 dagger of venom.
r - a ring of fire An iguana comes into view.
A jelly comes into view.
The jelly quivers.
The iguana completely misses you.
You barely miss the iguana. The iguana closely misses you.
You hit the iguana but do no damage. You hit the jelly but do no damage.
The acid corrodes you!
Your hands burn!
The jelly jiggles.
The jelly hits you.
You are splashed with acid.
The iguana closely misses you.
You slash the iguana!
The iguana is heavily wounded.
You hit the jelly. The acid corrodes you!
Your hands burn!
The jelly barely misses you. The iguana barely misses you.
You hit the iguana.
The iguana is heavily wounded.
You hit the jelly but do no damage.
Your hands burn!
The jelly barely misses you. The iguana bites you!
You hit the iguana but do no damage.
The iguana is heavily wounded.
You hit the jelly but do no damage.
Your hands burn!
You block the jelly's attack. The iguana bites you!
* * * LOW HITPOINT WARNING * * *
You are too injured to fight recklessly!
You are too injured to fight recklessly!
You are too injured to fight recklessly!
It was a potion of haste.
You feel yourself speed up. The jelly barely misses you. The iguana bites you!
You die...

#...........#
#...........#
###...#######
##.##
#.#########
#..........
###........
+........
#@....... .
#lJ...... .
#........ ..
......... ..
......... ..
#......... .
#.........
#.........


You could see an iguana and a jelly.

Vanquished Creatures
  An acid dragon (D:4)
  4 lemures
  A hound (D:3)
  4 gnolls
  3 adders
  A worm (D:2)
  2 dart slugs (D:2)
  5 orcs
  4 bats
  10 endoplasms
  3 giant cockroaches
  9 goblins
  2 hobgoblins
  4 kobolds
  3 quokkas
  4 ball pythons
  3 frilled lizards
  4 rats
67 creatures vanquished.

Notes
Turn   | Place    | Note
-------+----------+-------------------------------------------
     0 | D:1      | nemohh the Hill Orc Fighter began the quest for the Orb.
     0 | D:1      | Reached XP level 1. HP: 19/19 MP: 1/1
    23 | D:1      | Reached skill level 3 in Axes
    74 | D:1      | Reached XP level 2. HP: 24/26 MP: 2/2
   135 | D:1      | Reached skill level 4 in Axes
   179 | D:1      | Found a faded altar of an unknown god.
   586 | D:2      | Reached XP level 3. HP: 31/31 MP: 3/3
   600 | D:2      | Reached skill level 5 in Axes
   723 | D:2      | Reached XP level 4. HP: 30/39 MP: 4/4
   875 | D:2      | Found a sacrificial altar of Ru.
   889 | D:2      | Reached skill level 6 in Axes
  1422 | D:3      | Found a white marble altar of Elyvilon.
  1471 | D:3      | Became a worshipper of Elyvilon the Healer
  1904 | D:3      | Reached XP level 5. HP: 42/45 MP: 5/5
  2015 | D:4      | Noticed a lemure
  2015 | D:4      | Noticed a lemure
  2015 | D:4      | Noticed a lemure
  2015 | D:4      | Noticed Pikel
  2015 | D:4      | Noticed a lemure
  2053 | D:3      | Killed a lemure
  2168 | D:3      | Killed a lemure
  2246 | D:3      | Killed a lemure
  2388 | D:4      | Reached skill level 7 in Axes
  2430 | D:4      | Reached * piety under Elyvilon
  2495 | D:4      | Noticed an acid dragon
  2503 | D:4      | Killed an acid dragon
  2504 | D:4      | Reached skill level 8 in Axes
  2504 | D:4      | Reached XP level 6. HP: 41/51 MP: 6/6
  2800 | D:4      | Slain by an iguana

Illustrated notes

Levels and vault maps discovered:
D:1:      psy_arrival_terrarium, layout_rooms,
          hellmonk_ecumenical_altar_arch_garden
D:2:      layout_loops_corners, basic_altar, serial_bayou_crossing, uniq_terence
D:3:      layout_basic, mainiacjoe_overflow_24_doors
D:4:      layout_basic, st_stairs_9, minivault_26, minmay_cupped, uniq_pikel

Skill      XL: |  1  2  3  4  5 |
---------------+----------------+-----
Axes           | 3 4 5 6 8 |  8.5
Fighting       | |  3.6
Armour         | |  3.2
Shields        | |  3.2

Action                     |  1- 3 |  4- 6 || total
---------------------------+-------+-------++-------
  Melee: War axe           |    53 |   135 ||   188
    Use: Potion            |       |     2 ||     2
         Scroll            |       |     1 ||     1
 Armour: Scale mail        |    26 |    49 ||    75
  Dodge: Dodged            |    27 |    64 ||    91
  Block: Buckler           |    15 |    23 ||    38
